 Dungeon Crawl Stone Soup version 0.26.0-10-g1f06aea511 (webtiles) character file.

Game seed: 12589232056888374938

3336 Marvel the Cleaver (level 9, -2/103 HPs)
             Began as a Demonspawn Abyssal Knight on Jan 14, 2021.
             Was an Elder of Lugonu.
             Slain by a wyvern (6 damage)
             ... on level 8 of the Dungeon.
             The game lasted 00:19:11 (9299 turns).

Marvel the Cleaver (Demonspawn Abyssal Knight)      Turns: 9299, Time: 00:19:12

Health: -2/103     AC: 24    Str: 15    XL:     9   Next: 72%
Magic:  10/10      EV:  2    Int: 14    God:    Lugonu [****..]
Gold:   483        SH:  5    Dex: 13    Spells: 8/8 levels left

rFire    . . .     SeeInvis .   a - +5 hand axe
rCold    . . .     Faith    .   (no shield)
rNeg     + + +     Spirit   .   (armour currently unavailable)
rPois    +         Reflect  +   (helmet currently unavailable)
rElec    .         Harm     .   (cloak currently unavailable)
rCorr    .         Rampage  .   (gloves currently unavailable)
Will     .....     NoTele   +   (boots currently unavailable)
Stlth    ++........             i - amulet of reflection
HPRegen  0.27/turn              (no ring)
MPRegen  0.12/turn              (no ring)

@: tree-form
A: powered by death 1
a: Renounce Religion, Depart the Abyss, Bend Space, Banish, Corrupt


You were on level 8 of the Dungeon.
You worshipped Lugonu.
Lugonu was greatly pleased with you.
You were a tree.
You visited 1 branch of the dungeon, and saw 8 of its levels.
You visited the Abyss 1 time.

You collected 483 gold pieces.

Inventory:

Hand Weapons
 a - a +5 hand axe (weapon)
 d - a +0 spear
 t - a +2 short sword of protection
 w - a +0 dagger of chaos
 A - a +1 antimagic war axe
Missiles
 k - 7 poisoned darts (quivered)
Armour
 b - a +0 leather armour
 m - the +2 leather armour of Theory (melded) {Slay+3}
   (You found it on level 4 of the Dungeon)

   It affects your accuracy and damage with ranged weapons and melee attacks
   (+3).
 G - the +2 robe "Naomuy" {+Fly rElec Str+3 Int+2}
   (You found it on level 8 of the Dungeon)

   It affects your strength (+3).
   It affects your intelligence (+2).
   It insulates you from electricity.
   It lets you fly.
Jewellery
 i - an amulet of reflection (around neck)
Wands
 g - a wand of flame (20)
 u - a wand of polymorph (17)
 v - a wand of iceblast (5)
 y - a wand of disintegration (15)
Scrolls
 c - 5 scrolls of identify
 h - 4 scrolls of remove curse {unknown}
 j - 4 scrolls of enchant armour {unknown}
 n - a scroll of magic mapping
 p - 5 scrolls of amnesia {unknown}
 q - 3 scrolls of teleportation {unknown}
 s - a scroll of random uselessness {unknown}
 E - a scroll of blinking {unknown}
 F - a scroll of noise {unknown}
Potions
 e - a potion of lignification
 f - 2 potions of curing {unknown}
 l - 2 potions of invisibility
 o - 3 potions of might
 r - a potion of berserk rage {unknown}
 x - a potion of cancellation {unknown}
 z - a potion of mutation {unknown}
 B - a potion of attraction {unknown}
 C - a potion of haste {unknown}
 D - a potion of magic {unknown}


   Skills:
 + Level 6.2 Fighting
 + Level 12.4 Axes
 - Level 3.9 Armour
 - Level 1.5 Dodging
 - Level 1.4 Stealth
 - Level 0.8 Shields
 - Level 2.6 Invocations


You had 8 spell levels left.
You didn't know any spells.
Your spell library contained the following spells:

 Spells                   Type           Power        Failure   Level
 Animate Skeleton         Necr           0%           28%         1
 Pain                     Necr           0%           28%         1
 Confusing Touch          Hex            0%           65%         3
 Gell's Gravitas          Tloc           0%           65%         3
 Vampiric Draining        Necr           0%           65%         3
 Animate Dead             Necr           0%           96%         4
 Petrify                  Tmut/Erth      0%           96%         4
 Agony                    Necr           0%           100%        5
 Bolt of Magma            Conj/Fire/Erth 0%           100%        5
 Iskenderun's Battlesphe  Conj           0%           100%        5
 Metabolic Englaciation   Hex/Ice        0%           100%        5
 Yara's Violent Unravell  Hex/Tmut       0%           100%        5
 Iron Shot                Conj/Erth      0%           100%        6
 Orb of Destruction       Conj           0%           100%        7
 Spellforged Servitor     Conj/Summ      0%           100%        7


Dungeon Overview and Level Annotations

Branches:
Dungeon (8/15)             Temple (0/1) D:7
   Lair: D:8-11

Altars:
Fedhas
Okawaru
Sif Muna
Uskayaw
Xom
Yredelemnul
Zin

Shops:
D:6 }


Innate Abilities, Weirdness & Mutations

((You have a pair of small antennae on your head.))
You regenerate a little health from kills.
((You are partially covered in sharp spines.))


Message History

The wyvern bites you!
You hit the wyvern.
The wyvern is heavily wounded.
The wyvern bites you!
You hit the wyvern.
The wyvern is severely wounded.
The wyvern bites you!!
* * * LOW HITPOINT WARNING * * *
It was a potion of lignification.
You turn into a tree.
The +2 leather armour of Theory {Slay+3} melds into your body.
Your roots penetrate the ground.
The wyvern bites you.
* * * LOW HITPOINT WARNING * * *
The hound barks!
You slash the wyvern!
The wyvern is almost dead.
The wyvern bites you but does no damage.
You hit the wyvern but do no damage.
The wyvern is almost dead.
The wyvern bites you.
You die...

#......
#......
#......
###......
###.>...###
####....####
####....####
#####....####
####..l♣.####
(#..h..####
#.........#
#..##......#
#. #......#
#.......#
#.)<....#
#.......#
#.......#


You could see a wyvern and a hound.

Vanquished Creatures
  Joseph (D:7)
  Eustachio (D:4)
  Menkaure (D:5)
  Edmund (D:4)
  3 orc warriors
  2 ogres
  A phantom (D:7)
  3 ice beasts
  3 centaurs
  A bullfrog (D:8)
  2 scorpions
  5 killer bees (D:7)
  A howler monkey (D:4)
  4 crimson imps (D:4)
  A bullfrog zombie (D:8)
  4 hounds
  A jelly (D:7)
  4 orc priests
  Crazy Yiuf (D:2)
  2 centaur skeletons (D:6)
  A gnoll shaman (D:7)
  4 orc wizards
  3 worker ants
  3 iguanas
  A hound zombie (D:5)
  2 worker ant zombies
  4 gnolls (D:7)
  8 adders
  3 shadow imps
  A white imp (D:7)
  An ufetubus (D:7)
  An ooze (D:1)
  A worm (D:3)
  A dart slug (D:3)
  2 leopard geckos
  15 orcs
  2 ball pythons (D:3)
  5 giant cockroaches
  4 goblins
  5 hobgoblins
  6 jackals
  7 bats
  5 frilled lizards
  4 kobolds
  A leopard gecko skeleton (D:7)
  A quokka skeleton (D:5)
  A quokka zombie (D:5)
  8 rats
  A spectral orc (D:8)
143 creatures vanquished.

Notes
Turn   | Place    | Note
-------+----------+-------------------------------------------
     0 | Abyss:1  | Marvel the Demonspawn Abyssal Knight began the quest for
                  | the Orb.
     0 | Abyss:1  | Reached XP level 1. HP: 18/18 MP: 2/2
    52 | Abyss:1  | Found a corrupted altar of Lugonu.
    60 | Abyss:1  | Noticed a worldbinder
    63 | D:1      | Escaped the Abyss
   271 | D:1      | Reached skill level 2 in Axes
   303 | D:1      | Gained mutation: You have a pair of small antennae on your
                  | head. [demonic ancestry]
   303 | D:1      | Reached XP level 2. HP: 19/24 MP: 3/3
   870 | D:2      | Reached XP level 3. HP: 17/30 MP: 4/4
  1027 | D:2      | Found a runed translucent door.
  1028 | D:2      | Noticed Crazy Yiuf
  1113 | D:2      | Found a blossoming altar of Fedhas.
  1236 | D:3      | Reached skill level 1 in Dodging
  1380 | D:3      | Reached ** piety under Lugonu
  1641 | D:3      | Reached XP level 4. HP: 25/37 MP: 5/5
  1923 | D:3      | Reached skill level 10 in Axes
  1923 | D:3      | Gained mutation: You regenerate a little health from kills.
                  | [demonic ancestry]
  1923 | D:3      | Reached XP level 5. HP: 14/42 MP: 6/6
  2450 | D:4      | You fall into a shaft and drop 1 floor!
  2450 | D:5      | Entered Level 5 of the Dungeon
  2458 | D:5      | Noticed a centaur
  2664 | D:5      | Noticed Menkaure
  2712 | D:4      | Found a hide-covered altar of Uskayaw.
  2994 | D:4      | Got a jewelled leather armour
  3005 | D:4      | Identified the +2 leather armour of Theory {Slay+3} (You
                  | found it on level 4 of the Dungeon)
  3206 | D:3      | Found a shimmering blue altar of Sif Muna.
  3580 | D:3      | Reached XP level 6. HP: 48/48 MP: 7/7
  3693 | D:3      | Reached skill level 1 in Stealth
  3926 | D:3      | Reached *** piety under Lugonu
  4495 | D:2      | Killed Crazy Yiuf
  4727 | D:4      | Noticed Edmund
  4762 | D:4      | Killed Edmund
  4763 | D:4      | Reached XP level 7. HP: 54/54 MP: 8/8
  4821 | D:4      | Found a shimmering altar of Xom.
  4832 | D:4      | Reached skill level 11 in Axes
  4920 | D:4      | Noticed Eustachio
  4945 | D:4      | Killed Eustachio
  5584 | D:5      | Gained mutation: You are partially covered in sharp spines.
                  | [demonic ancestry]
  5584 | D:5      | Reached XP level 8. HP: 61/61 MP: 9/9
  6208 | D:5      | Killed Menkaure
  6414 | D:6      | Reached skill level 5 in Fighting
  6422 | D:6      | Reached **** piety under Lugonu
  7025 | D:7      | Noticed Joseph
  7040 | D:7      | Killed Joseph
  7041 | D:7      | Reached XP level 9. HP: 15/68 MP: 10/10
  7453 | D:7      | Found a staircase to the Ecumenical Temple.
  7477 | D:7      | Reached skill level 12 in Axes
  7546 | D:7      | Found an iron altar of Okawaru.
  8167 | D:7      | Found a glowing silver altar of Zin.
  8642 | D:6      | Found Ixoab's Gadget Emporium.
  9020 | D:8      | Found a basalt altar of Yredelemnul.
  9250 | D:8      | Got a brightly glowing robe
  9261 | D:8      | Identified the +2 robe "Naomuy" {+Fly rElec Str+3 Int+2}
                  | (You found it on level 8 of the Dungeon)
  9297 | D:8      | HP: 4/103 [wyvern (6)]
  9299 | D:8      | Slain by a wyvern

Illustrated notes

Levels and vault maps discovered:
D:1:      zaba_arrival_water, layout_loops_ring
D:2:      layout_basic, nicolae_overflow_crystal_walls, minmay_pentomino_q4,
          uniq_crazy_yiuf_cottage
D:3:      layout_basic, lemuel_doored_altar, chequers_hall_statues_corner_a,
          minmay_increasing_density
D:4:      layout_gridville, eat_drink_and_be_merry_uskayaw, led_xom_imps,
          uniq_eustachio, uniq_edmund
D:5:      layout_basic, lightli_ossuary_entry_decrepit_ruins, uniq_menkaure
D:6:      layout_basic, serial_shops, kennysheep_mini
D:7:      layout_loops_cross, kennysheep_mini_moat, marbit_many_paths,
          minmay_temple_entry_slanted, uniq_joseph
D:8:      layout_cave_pods, yredelemnul_forgotten_temple_becter,
          lair_entry_dummy

Skill      XL: |  1  2  3  4  5  6  7  8  9 |
---------------+----------------------------+-----
Axes           | 2 10 11 12 | 12.4
Dodging        | 1 |  1.5
Armour         | 2 3 |  3.9
Stealth        | 1 |  1.4
Fighting       | 4 5 6 |  6.2
Shields        | |  0.8
Invocations    | |  2.6

Action                   |  1- 3 |  4- 6 |  7- 9 || total
-------------------------+-------+-------+-------++-------
Melee: Hand axe          |   110 |   118 |   249 ||   477
Throw: Dart              |       |     1 |    19 ||    20
  Use: Potion            |     1 |     2 |     4 ||     7
       Scroll            |       |     7 |       ||     7
 Stab: Sleeping          |       |     3 |     3 ||     6
Armor: Leather armour    |    39 |    14 |    22 ||    75
       Skin              |       |     4 |     1 ||     5
Dodge: Dodged            |    86 |    31 |    78 ||   195
Block: Other             |    23 |    18 |    26 ||    67
       Reflection        |     1 |       |     2 ||     3
